Map: Dusk Towers

Players

Senryakku

  • Race: Terran Terran
  • League: Diamond

Alarak - Winner!

  • Race: Protoss Protoss

VOD

Have the link to the VOD?

Description

Time

  • Played on: Dec. 24, 2015, 9:15 a.m.
  • Length: 11:11
Show
View Real Time Build Order
Export as new Build Order

Senryakku Terran 

Build Orders: Liberator Opening 

Get SALT Encoding   

  12  0:01  SCV  
  13  0:13  SCV  
  14  0:17  Supply Depot  
  14  0:25  SCV  
  15  0:39  SCV  
  15  0:41  Barracks  
  16  0:46  Refinery  
  16  0:51  SCV  
  17  1:04  SCV  
  18  1:16  SCV  
  19  1:28  Marine  
  19  1:29  Orbital Command  
  20  1:46  Command Center  
  20  1:55  Barracks Reactor, SCV  
  21  2:04  Supply Depot  
  21  2:10  SCV  
  22  2:16  Factory  
  22  2:17  Refinery  
  22  2:23  SCV  
  23  2:31  Marine  
  23  2:35  SCV  
  25  2:47  SCV  
  25  2:48  Marine  
  25  2:49  Marine  
  28  2:59  Orbital Command  
  28  3:01  Starport, Widow Mine  
  31  3:05  SCV  
  31  3:07  Marine x2  
  33  3:17  SCV  
  34  3:25  Marine x2  
  36  3:27  SCV  
  36  3:29  Liberator  
  33  3:36  Widow Mine  
  33  3:42  SCV x2  
  33  3:47  Marine x2  
  40  3:54  SCV  
  37  4:03  SCV  
  37  4:06  SCV, Widow Mine  
  37  4:09  Marine x2  
  41  4:24  SCV x2  
  37  4:43  SCV x2  
  39  4:50  Command Center  
  39  4:56  Liberator  
  39  4:59  Marine x2  
  40  5:04  SCV x2  
  44  5:16  SCV x2  
  46  5:22  Supply Depot  
  46  5:43  Marine x2  
  46  5:44  SCV x2  
  46  5:49  Supply Depot  
  50  5:56  SCV x2  
  52  6:02  Orbital Command  
  52  6:06  Barracks  
  52  6:07  Barracks  
  52  6:08  SCV x2  
  54  6:11  Factory Tech Lab  
  54  6:12  Starport Tech Lab  
  54  6:15  Marine x2  
  56  6:21  SCV x2  
  58  6:31  SCV  
  59  6:34  Marine x2  
  59  6:36  SCV x2  
  63  6:43  SCV, Supply Depot  
  63  6:45  Factory Reactor, Medivac  
  66  6:51  Marine x2  
  68  6:57  Orbital Command  
  68  7:01  Combat Shields, Marine x2  
  68  7:02  Stimpack  
  68  7:07  SCV x2  
  72  7:08  Engineering Bay x2  
  72  7:11  Refinery  
  72  7:12  Refinery  
  70  7:17  Supply Depot  
  57  7:25  SCV x3  
  58  7:37  SCV x3  
  61  7:49  SCV x2  
  63  7:53  Missile Turret  
  63  7:54  Missile Turret  
  63  7:59  Missile Turret  
  63  8:04  SCV  
  64  8:10  SCV x2  
  66  8:16  Terran Infantry Weapons Level 1, Terran Infantry Armor Level 1  
  66  8:18  SCV  
  67  8:23  SCV x2  
  69  8:27  Marine x2  
  69  8:34  Concussive Shells, Marauder x2  
  75  8:35  SCV  
  75  8:36  SCV  
  75  8:41  SCV  
  78  8:46  Marine x2  
  78  8:48  SCV, Medivac x2  
  85  8:50  SCV  
  85  8:53  SCV  
  87  8:58  Marauder  
  87  8:59  Marauder  
  91  9:12  SCV x2  
  93  9:22  Armory  
  93  9:26  Marine x2  
  93  9:27  SCV x2, Supply Depot, Marauder x2  
  93  9:28  Supply Depot  
  101  9:31  Liberator x2  
  101  9:46  Barracks  
  101  9:49  SCV x2  
  101  9:50  SCV  
  101  9:51  Barracks  
  110  9:54  Marine x2  
  110  9:55  Marauder  
  110  9:57  Marauder  
  116  10:01  Supply Depot  
  116  10:02  SCV  
  117  10:18  Supply Depot  
  117  10:22  Marine x2  
  117  10:23  SCV x3  
  122  10:36  Barracks Reactor  
  122  10:38  Barracks Tech Lab  
  122  10:39  Barracks  
  122  10:40  Supply Depot  
  122  10:42  SCV x2  
  124  10:43  SCV  
  125  10:54  SCV  
Show
View Real Time Build Order
Export as new Build Order

Alarak Protoss - Winner!

Build Orders: Oracle Opening 

Get SALT Encoding   

  12  0:01  Probe (Chrono Boost)  
  13  0:13  Pylon  
  13  0:18  Probe (Chrono Boost)  
  14  0:28  Probe (Chrono Boost)  
  15  0:33  Gateway  
  15  0:39  Probe (Chrono Boost)  
  16  0:47  Assimilator  
  16  0:49  Probe (Chrono Boost)  
  17  0:51  Assimilator  
  17  1:00  Probe (Chrono Boost)  
  18  1:06  Pylon  
  18  1:10  Probe (Chrono Boost)  
  19  1:20  Cybernetics Core  
  19  1:21  Probe (Chrono Boost)  
  20  1:31  Probe (Chrono Boost)  
  21  1:33  Pylon  
  21  1:42  Probe (Chrono Boost)  
  22  1:52  Probe (Chrono Boost)  
  23  1:57  Stargate  
  23  1:59  Warp Gate (Chrono Boost)  
  23  2:04  Adept (Chrono Boost)  
  25  2:33  Nexus  
  25  2:41  Oracle (Chrono Boost)  
  28  2:49  Gateway  
  28  3:00  Probe  
  28  3:01  Pylon  
  29  3:13  Probe, Oracle (Chrono Boost)  
  33  3:25  Probe  
  34  3:37  Probe  
  35  3:44  Oracle (Chrono Boost)  
  35  3:45  Probe  
  39  3:49  Probe  
  39  3:54  Mothership Core  
  40  4:01  Probe  
  43  4:13  Probe  
  43  4:14  Probe  
  43  4:15  Oracle (Chrono Boost)  
  48  4:24  Probe  
  48  4:25  Probe  
  50  4:35  Probe  
  50  4:37  Probe  
  50  4:38  Assimilator  
  52  4:42  Assimilator  
  52  4:45  Probe  
  52  4:46  Oracle (Chrono Boost)  
  52  4:49  Probe  
  52  4:50  Pylon  
  52  4:51  Pylon  
  57  4:53  Gateway  
  57  4:56  Probe, Gateway  
  58  5:02  Probe  
  56  5:13  Probe  
  56  5:14  Probe  
  56  5:18  Forge  
  56  5:20  Forge  
  58  5:22  Pylon  
  58  5:23  Probe  
  59  5:32  Twilight Council  
  59  5:34  Gateway  
  59  5:36  Gateway  
  59  5:39  Probe  
  59  5:40  Probe  
  61  5:52  Photon Cannon  
  61  5:55  Pylon  
  61  5:57  Protoss Ground Weapons Level 1 (Chrono Boost)  
  61  5:58  Protoss Ground Armor Level 1 (Chrono Boost)  
  61  6:11  Pylon  
  61  6:15  Adept x3  
  61  6:16  Adept, Pylon  
  69  6:25  Resonating Glaives (Chrono Boost)  
  69  6:32  Photon Cannon  
  69  6:37  Photon Cannon  
  69  6:44  Photon Cannon  
  69  6:45  Adept  
  69  6:46  Adept x4  
  79  6:49  Adept  
  79  6:50  Pylon  
  81  7:13  Nexus  
  81  7:14  Pylon  
  78  7:32  Stalker x2  
  78  7:33  Stalker x4  
  90  7:40  Protoss Ground Weapons Level 2 (Chrono Boost)  
  90  7:44  Protoss Ground Armor Level 2 (Chrono Boost)  
  90  7:53  Pylon  
  90  7:54  Photon Cannon  
  90  8:02  Probe x2  
  90  8:04  Blink  
  92  8:14  Probe x2  
  92  8:16  Adept x4  
  92  8:17  Adept x2  
  106  8:25  Robotics Facility  
  106  8:26  Probe  
  107  8:28  Probe  
  107  8:29  Probe  
  109  8:38  Probe x2  
  111  8:43  Assimilator  
  111  8:45  Probe  
  111  8:47  Assimilator  
  112  8:49  Pylon  
  112  8:53  Pylon  
  112  8:57  Pylon  
  112  9:00  Pylon  
  106  9:14  Stalker x2  
  106  9:15  Stalker x4  
  118  9:17  Warp Prism  
  118  9:22  Probe x2  
  122  9:32  Pylon  
  122  9:35  Photon Cannon  
  122  9:44  Stalker x2  
  122  9:45  Stalker x4  
  134  10:13  Stalker  
  134  10:14  Stalker x5  
  146  10:33  Nexus, Pylon  
  146  10:44  Adept  
  146  10:45  Adept x5  
Tags
 
Add a new tag
Caveats
  • Supply blocks, unpowered buildings, or Contaminate may cause inaccurate times.
  • Supply counts are checked every 10 seconds.